 Dungeon Crawl Stone Soup version 0.28-a0-1199-gef9e1dbd39 (webtiles) character file.

Game seed: 6766257758895300937

5 shoop the Skirmisher (level 1, 19/19 HPs)
             Began as a Palentonga Abyssal Knight on Dec 20, 2021.
             Was an Initiate of Lugonu.
             Quit the game on level 1 of the Dungeon.
             The game lasted 00:00:38 (255 turns).

shoop the Skirmisher (Palentonga Abyssal Knight)     Turns: 255, Time: 00:00:39

Health: 19/19      AC:  4    Str: 16    XL:     1   Next: 66%
Magic:  2/2        EV:  9    Int: 10    God:    Lugonu [......]
Gold:   4          SH:  0    Dex: 10    Spells: 0/0 levels left

rFire   . . .      SeeInvis +   a - +1 hand axe
rCold   . . .      Faith    .   (no shield)
rNeg    . . .      Spirit   .   b - +0 leather armour
rPois   .          Reflect  .   (no helmet)
rElec   .          Harm     .   (no cloak)
rCorr   .          Rampage  .   (no gloves)
Will    .....                   (no barding)
Stlth   +.........              (no amulet)
HPRegen 0.06/turn               (no ring)
MPRegen 0.08/turn               (no ring)

@: no status effects
A: large, rugged brown scales 3, see invisible, deformed body, roll 1, armoured
tail
a: Rolling Charge, Renounce Religion


You were on level 1 of the Dungeon.
You worshipped Lugonu.
Lugonu was noncommittal.
You visited 1 branch of the dungeon, and saw 1 of its levels.
You visited the Abyss 1 time.

You collected 4 gold pieces.

Inventory:

Hand Weapons
 a - a +1 hand axe (weapon)
Armour
 b - a +0 leather armour (worn)
Scrolls
 c - a scroll of vulnerability {unknown}


   Skills:
 - Level 3.0 Fighting
 + Level 2.5 Axes
 - Level 1.5 Armour
 - Level 0.7 Dodging
 - Level 2.0 Invocations


You couldn't memorise any spells.
You didn't know any spells.
Your spell library was empty.

Dungeon Overview and Level Annotations

Branches:
Dungeon (1/15)

Altars:


Innate Abilities, Weirdness & Mutations

You are completely covered in rugged brown scales. (AC +3, +7% HP)
You have supernaturally acute eyesight. (SInv)
Armour fits poorly on your strangely shaped body.
You can roll at nearby foes to attack.
You have a long armoured tail.


Message History

The goblin is heavily wounded.
You closely miss the goblin. The goblin misses you.
The goblin closely misses you. The goblin barely misses you.
You hit the goblin.
You kill the goblin!
Lugonu accepts your kill.
You barely miss the goblin.
A bat comes into view.
The goblin barely misses you.
The bat moves out of view.
You hit the goblin.
The goblin is moderately wounded.
The goblin barely misses you. The goblin hits you but does no damage.
You hit the goblin.
The goblin is moderately wounded.
The goblin hits you with a +0 club.
You closely miss the goblin.
The goblin is moderately wounded.
The goblin hits you but does no damage.
You barely miss the goblin.
The goblin is moderately wounded.
The goblin hits you with a +0 club.
You hit the goblin.
You kill the goblin!
Lugonu accepts your kill.
No target in view!
No target in view!
No target in view!
No target in view!
No target in view!
No target in view!
No target in view!
No target in view!
No target in view!
No target in view!
No target in view!
Things that are here:
a +0 dagger; a kobold corpse You see here a +0 dagger.
A bat is nearby!
Are you sure you want to abandon this character and quit the game? (Confirm with "yes".)

# #.# #.#.. #
##.## #.#.#
####...####.#.#
..........#.#.#
####...##.#.#.##
#
##.###.#)...###.#
#
#...(..).......#
#####)#....#####
#.......@#
#.#.#.##.#
#.#.#.##.#
#.#.#.....
#.#.####.## #.#.#
... ... ?.# b.#


You could see a bat.

Vanquished Creatures
  2 goblins (D:1)
  A hobgoblin (D:1)
  A bat (D:1)
  A kobold (D:1)
5 creatures vanquished.

Notes
Turn   | Place    | Note
-------+----------+-------------------------------------------
     0 | Abyss:1  | shoop the Palentonga Abyssal Knight began the quest for the
                  | Orb.
     0 | Abyss:1  | Reached XP level 1. HP: 19/19 MP: 2/2
     0 | Abyss:1  | Found a corrupted altar of Lugonu.
    51 | Abyss:2  | Noticed a spatial maelstrom
    53 | Abyss:2  | Noticed a spatial vortex
    54 | Abyss:2  | Noticed a spatial vortex
    54 | D:1      | Escaped the Abyss
   255 | D:1      | Quit the game

Illustrated notes

Levels and vault maps discovered:
D:1:      eino_arrival_water_star, layout_loops_ring, serial_shops,
          nicolae_square_shop, shop, hellmonk_ecumenical_altar_blasted,
          minmay_tripent

Action                   || total
-------------------------++-------
Melee: Hand axe          ||    16
       Tailslap          ||     1
Invok: Depart the Abyss  ||     1
Armor: Leather armour    ||     7
Dodge: Dodged            ||     8

Table legend: (Time is in decaauts)
 A = Elapsed time spent in this place.
 B = Non-inter-level travel time spent in this place.
 C = Inter-level travel time spent in this place.
 D = Time resting spent in this place.
 E = Time spent auto-exploring this place.
 F = Levels seen in this place.
 G = Mean time per level.
                   A        B        C        D        E       F      G
               +--------+--------+--------+--------+--------+-----+--------+
         Total |    258 |    258 |      0 |      0 |    207 |   3 |   86.0 |
       Dungeon |    204 |    204 |      0 |      0 |    174 |   1 |  204.0 |
         Abyss |     53 |     53 |      0 |      0 |     33 |   2 |   26.5 |
               +--------+--------+--------+--------+--------+-----+--------+

Top non-repeatable levels by time:
     D:1: 204 daAuts
 Abyss:1: 34 daAuts
 Abyss:2: 19 daAuts
